 Dungeon Crawl Stone Soup version 0.30-a0-347-gf58ed5266c (webtiles) character file.

Game seed: 4666214851736673146

106 holysushi the Slasher (level 5, -1/67 HPs)
             Began as a Meteoran Monk on Nov 7, 2022.
             Slain by an orc
             ... wielding a +0 morningstar
              (3 damage)
             ... on level 3 of the Dungeon.
             The game lasted 00:03:15 (775 turns).

holysushi the Slasher (Meteoran Monk)                Turns: 775, Time: 00:03:16

Health: -1/67      AC:  4    Str: 12    XL:     5   Next: 32%
Magic:  6/6        EV: 13    Int: 12    God:
Gold:   101        SH:  0    Dex: 18    Spells: 4/4 levels left

rFire   . . .      SeeInvis .    a - +0 falchion
rCold   . . .      Faith    .    (no shield)
rNeg    . . .      Spirit   .    b - +0 robe
rPois   .          Reflect  .    h - +1 helmet
rElec   .          Harm     .    (no cloak)
rCorr   .          Rampage  .    (no gloves)
Will    .....                    (no boots)
Stlth   ..........               (no amulet)
HPRegen 0.31/turn                (no ring)
MPRegen 0.10/turn                (no ring)

@: berserking, glowing, very quick
A: sense surroundings 1, otherworldly, glowing, explore regen
a: no special abilities


You were on level 3 of the Dungeon.
You visited 1 branch of the dungeon, and saw 4 of its levels.

You collected 101 gold pieces.

Inventory:

Hand Weapons
 a - a +0 falchion (weapon)
Armour
 b - a +0 robe (worn)
 h - a +1 helmet (worn)
Scrolls
 e - 3 scrolls of identify {unknown}
 f - 3 scrolls of enchant weapon {unknown}
 g - a scroll of fear {unknown}
 j - 3 scrolls of teleportation {unknown}
 k - 2 scrolls of enchant armour {unknown}
 l - a scroll of brand weapon {unknown}
Potions
 c - a potion of ambrosia
 i - 2 potions of invisibility {unknown}
 m - a potion of cancellation {unknown}
 n - a potion of lignification {unknown}


   Skills:
 - Level 3.2 Fighting
 + Level 6.5 Long Blades
 - Level 3.6 Dodging
 - Level 1.4 Stealth


You had 4 spell levels left.
You didn't know any spells.
Your spell library contained the following spells:

 Spells                   Type           Power      Damage    Failure   Level
 Borgnjor's Revivificati  Necr           0%         N/A       100%        8
 Necromutation            Tmut/Necr      0%         N/A       100%        8
 Death's Door             Necr           0%         N/A       100%        9


Dungeon Overview and Level Annotations

Branches:
Dungeon (4/15) Zot: 1611
 Temple: D:4-7

Altars:


Innate Abilities, Weirdness & Mutations

You passively map a small area around you.
You are easily found by Zot.
You glow in the dark.
You regain HP and MP as you explore.


Message History

You hit the orc.
The orc is almost dead.
The orc hits you with a +0 hand axe.
You are too injured to fight recklessly!
You completely miss the orc.
The orc is almost dead.
The orc closely misses you.
You are too injured to fight recklessly!
You completely miss the orc.
The orc is almost dead.
The orc hits you with a +0 hand axe.
You are too injured to fight recklessly!
You hit the orc.
You kill the orc!
The quokka bites you but does no damage.
You hit the quokka.
The quokka is severely wounded.
The quokka bites you.
You barely miss the quokka.
The quokka is severely wounded.
The quokka closely misses you.
You barely miss the quokka.
The quokka is severely wounded.
The quokka bites you.
* * * LOW HITPOINT WARNING * * *
You hit the quokka.
You kill the quokka!
You hit the orc but do no damage. The orc closely misses you.
You hit the orc but do no damage. The orc misses you.
You hit the orc but do no damage. The orc hits you with a +0 morningstar.
* * * LOW HITPOINT WARNING * * *
You slash the orc!
The orc is almost dead.
The orc hits you with a +0 morningstar.
* * * LOW HITPOINT WARNING * * *
It was a potion of berserk rage.
A red film seems to cover your vision as you go berserk!
You feel yourself moving faster!
You feel mighty! The orc hits you with a +0 morningstar.
You die...

#.#.## .# , ...,,
#....######.# *..# , *
#..#........# *..#
#.........#######..#.#.#
#######.#.####.#.o..o........
#..........#*#..r.....).#...#
#.##.....#...###.#####.##,, #
###.##.#.....#.###o# .#
.......#........@oK# .. ,,
###.####.##.##.###.# * .#.
#.# #.# .##.# #.# .#.. * *
#.# #.. .# ,# #.. , .# .. ..#
### ## , #... ### * *##### *
* * , , , , * * , * ,


You could see 2 orcs and a kobold.

Vanquished Creatures
  An iguana (D:4)
  2 adders
  An ufetubus (D:3)
  4 dart slugs
  3 orcs (D:3)
  An endoplasm (D:1)
  2 giant cockroaches
  3 goblins
  3 hobgoblins (D:1)
  3 jackals (D:1)
  2 quokkas
  5 ball pythons
  6 bats (D:1)
  4 frilled lizards
  3 kobolds
  2 rats
45 creatures vanquished.

Notes
Turn   | Place    | Note
-------+----------+-------------------------------------------
     0 | D:1      | holysushi the Meteoran Monk began the quest for the Orb.
     0 | D:1      | Reached XP level 1. HP: 19/19 MP: 2/2
    39 | D:1      | Reached skill level 4 in Long Blades
    43 | D:1      | Reached XP level 2. HP: 19/26 MP: 3/3
   188 | D:1      | Reached XP level 3. HP: 30/31 MP: 4/4
   289 | D:1      | Reached skill level 5 in Long Blades
   515 | D:2      | Reached XP level 4. HP: 33/38 MP: 5/5
   612 | D:4      | Reached skill level 6 in Long Blades
   683 | D:3      | Reached XP level 5. HP: 45/45 MP: 6/6
   774 | D:3      | HP: 1/45 [orc/+0 morningstar (5)]
   775 | D:3      | Slain by an orc

Illustrated notes

Levels and vault maps discovered:
D:1:      amcnicky_arrival_abandoned_market, layout_rooms, serial_bayou_crossing
D:2:      layout_loops_ring, nicolae_figureground_pulse
D:3:      layout_loops_ring, lemuel_doored_altar, nicolae_ecumenical_pavilion,
          portal_sewer_entry_e
D:4:      layout_loops_ring, uniq_edmund

Skill      XL: |  1  2  3  4 |
---------------+-------------+-----
Long Blades    | 4 5 6 |  6.5
Fighting       | |  3.2
Dodging        | |  3.6
Stealth        | |  1.4

Action                   |  1- 3 |  4- 6 || total
-------------------------+-------+-------++-------
Melee: Falchion          |    95 |    61 ||   156
  Use: Potion            |       |     1 ||     1
Armor: Robe              |    38 |     9 ||    47
Dodge: Dodged            |    80 |    46 ||   126

Table legend: (Time is in decaauts)
 A = Elapsed time spent in this place.
 B = Non-inter-level travel time spent in this place.
 C = Inter-level travel time spent in this place.
 D = Time resting spent in this place.
 E = Time spent auto-exploring this place.
 F = Levels seen in this place.
 G = Mean time per level.
                   A        B        C        D        E       F      G
               +--------+--------+--------+--------+--------+-----+--------+
         Total |    787 |    766 |     21 |      0 |      0 |   4 |  196.8 |
       Dungeon |    787 |    766 |     21 |      0 |      0 |   4 |  196.8 |
               +--------+--------+--------+--------+--------+-----+--------+

Top non-repeatable levels by time:
     D:1: 461 daAuts
     D:3: 169 daAuts
     D:2: 132 daAuts
     D:4: 24 daAuts
